 Dungeon Crawl Stone Soup version 0.25-a0-265-g7af84ae0ac (webtiles) character file.

Game seed: 7506381869998640544, levelgen mode: deterministic

142 floatRand the Poker (level 5, -6/41 HPs)
             Began as a Demonspawn Fighter on Dec 7, 2019.
             Mangled by an ogre
             ... wielding a +0 giant club
              (21 damage)
             ... on level 4 of the Dungeon.
             The game lasted 00:03:21 (1811 turns).

floatRand the Poker (Demonspawn Fighter)            Turns: 1811, Time: 00:03:22

Health: -6/41      AC:  7    Str: 17    XL:     5   Next: 4%
Magic:  5/5        EV:  7    Int:  9    God:
Gold:   119        SH: 16    Dex: 13    Spells: 4/4 levels left

rFire    . . .     SeeInvis .   a - +1 trident
rCold    . . .     Gourm    .   c - +1 shield
rNeg     . . .     Faith    .   b - +0 scale mail
rPois    +         Spirit   .   (no helmet)
rElec    .         Reflect  .   (no cloak)
rCorr    .         Harm     .   (no gloves)
MR       .....                  h - +0 pair of boots
Stlth    ..........             r - amulet of regeneration
HPRegen  0.13/turn              m - ring of poison resistance
MPRegen  0.09/turn              (no ring)

@: no status effects
A: hooves 1, large bone plates 2
a: no special abilities


You were on level 4 of the Dungeon.
You were not hungry.

You visited 1 branch of the dungeon, and saw 4 of its levels.

You collected 119 gold pieces.

Inventory:

Hand Weapons
 a - a +1 trident (weapon)
Armour
 b - a +0 scale mail (worn)
 c - a +1 shield (worn)
 h - a +0 pair of boots (worn)
 j - a +2 robe of magic resistance
Jewellery
 m - a ring of poison resistance (left hand)
 r - an amulet of regeneration (around neck)
Wands
 q - a wand of disintegration (12)
Scrolls
 e - 2 scrolls of identify {unknown}
 i - a scroll of remove curse
 l - a scroll of amnesia
 p - 3 scrolls of enchant armour
 v - a scroll of magic mapping {unknown}
Potions
 d - a potion of might
 n - a potion of curing {unknown}
 o - 2 potions of cancellation {unknown}
 t - a potion of magic {unknown}
Comestibles
 f - 6 rations


   Skills:
 - Level 3.0 Fighting
 * Level 4.0 Polearms
 - Level 2.6 Armour
 + Level 3.7 Shields


You had 4 spell levels left.
You didn't know any spells.
Your spell library was empty.

Dungeon Overview and Level Annotations

Branches:
Dungeon (4/15)
 Temple: D:4-7

Altars:
Hepliaklqana
Uskayaw


Innate Abilities, Weirdness & Mutations

You have large cloven feet.
You are mostly covered in large bone plates. (SH +6)


Message History

The ogre is moderately wounded.
You block the ogre's attack. You block the frilled lizard's attack.
You hit the ogre.
The ogre is moderately wounded.
You block the ogre's attack. You block the frilled lizard's attack.
Your shield and scale mail prevent you from hitting the ogre.
The ogre is moderately wounded.
The ogre hits you with a +0 giant club. You block the frilled lizard's attack.
You hit the ogre.
The ogre is heavily wounded.
You block the frilled lizard's attack. The ogre hits you with a +0 giant club!
You hit the ogre.
The ogre is heavily wounded.
You block the frilled lizard's attack. The ogre hits you with a +0 giant club.
You hit the ogre.
The ogre is severely wounded.
The frilled lizard bites you but does no damage.
The ogre hits you with a +0 giant club!!
Ouch! That really hurt!
You die...

#..# ## ##.##
##.## #..#
#....# ##.##
......# #.##
.......###.#
......!.#.##
..........##
.....).@...#
......l.O..#
...........#
............#
............#
.............#
.............#
.............#


You could see an ogre and a frilled lizard.

Vanquished Creatures
  A centaur skeleton (D:4)
  A worker ant zombie (D:4)
  7 adders
  2 dart slugs
  A leopard gecko (D:3)
  An orc (D:3)
  A ball python (D:1)
  2 giant cockroaches (D:3)
  2 goblins
  2 hobgoblins
  A quokka (D:2)
  5 bats
  2 frilled lizards
  8 kobolds
  5 rats
41 creatures vanquished.

Notes
Turn   | Place    | Note
-------+----------+-------------------------------------------
     0 | D:1      | floatRand the Demonspawn Fighter began the quest for the
                  | Orb.
     0 | D:1      | Reached XP level 1. HP: 18/18 MP: 1/1
     3 | D:1      | Noticed an electric eel
     3 | D:1      | Noticed an electric eel
   128 | D:1      | Reached skill level 2 in Polearms
   206 | D:1      | You fall into a shaft and drop 1 floor!
   222 | D:2      | Gained mutation: You are partially covered in large bone
                  | plates. (SH +4) [demonic ancestry]
   222 | D:2      | Reached XP level 2. HP: 24/24 MP: 2/2
   722 | D:2      | Gained mutation: You are mostly covered in large bone
                  | plates. (SH +6) [demonic ancestry]
   722 | D:2      | Reached XP level 3. HP: 19/29 MP: 3/3
   850 | D:2      | Reached skill level 3 in Polearms
   936 | D:2      | Found a hide-covered altar of Uskayaw.
  1103 | D:3      | Found a hazy altar of Hepliaklqana.
  1308 | D:3      | Gained mutation: You have large cloven feet. [demonic
                  | ancestry]
  1308 | D:3      | Reached XP level 4. HP: 32/35 MP: 4/4
  1791 | D:4      | Reached skill level 4 in Polearms
  1791 | D:4      | Reached XP level 5. HP: 34/41 MP: 5/5
  1797 | D:4      | Noticed an ogre
  1811 | D:4      | Mangled by an ogre

Levels and vault maps discovered:
D:1:      arrival_aquarium_b, layout_basic, minmay_indecisive_spiral
D:2:      layout_rooms, marbit_many_paths
D:3:      layout_loops_ring, lemuel_crystal_altar, first_ration,
          nrook_loot_triangle
D:4:      layout_cave_pods, elyvilon_altar_5, nicolae_overflow_crystal_walls,
          uniq_ijyb, uniq_menkaure, uniq_pikel

Skill      XL: |  1  2  3  4 |
---------------+-------------+-----
Polearms       | 2 3 4 |  4.0
Shields        | 3 |  3.7
Fighting       | |  3.0
Armour         | |  2.6

Action                   |  1- 3 |  4- 6 || total
-------------------------+-------+-------++-------
Melee: Trident           |   168 |    72 ||   240
  Use: Scroll            |       |     5 ||     5
  Eat: Chunk             |     2 |     1 ||     3
Armor: Scale mail        |    61 |    22 ||    83
Dodge: Dodged            |    37 |    19 ||    56
Block: Shield            |   133 |    47 ||   180

Table legend:
 A = Non-vault XP
 B = Vault XP
 C = Vault XP percentage of total XP
 D = Non-vault monster count
 E = Vault monster count
 F = Vault count percentage of total count
                 A         B        C        D         E       F
            +---------+---------+-------+---------+---------+-------
      Total |     198 |       6 |   2.9 |      36 |       5 |  12.2
            +---------+---------+-------+---------+---------+-------
        D:1 |       8 |       5 |  38.5 |       4 |       4 |  50.0
        D:2 |      48 |       1 |   2.0 |       9 |       1 |  10.0
        D:3 |      85 |       0 |   0.0 |      21 |       0 |   0.0
        D:4 |      57 |       0 |   0.0 |       2 |       0 |   0.0
            +---------+---------+-------+---------+---------+-------
